PL
PORTLAND EVERGREENS @ D.C. DIVIDED
08/19/2034
 
TOP OF THE 1ST
Portland Evergreens batting - Pitching for D.C. Divided : RHP Dale Kurth
Pitching: RHP Dale Kurth
Batting: SHB Willie McGirt 0-0: Ball
1-0: Ball
2-0: Foul Ball, location: 2F
2-1: Foul Ball, location: 2F
2-2: Ground out 4-3 (Groundball, 4)
Batting: RHB Tae-cho Han 0-0: Ball
1-0: Ball
2-0: Foul Ball, location: 2F
2-1: Called Strike
2-2: Fly out, F8 (Flyball, 8RXD)
Batting: LHB Chris Payling 0-0: Ball
1-0: SINGLE (Groundball, 6MS) (infield hit)
Batting: RHB Blaze Alexander 0-0: DOUBLE (Line Drive, 9D)
Chris Payling to third
Runner from 3rd tries for Home, SAFE, throw made at trailing runner, OUT at third!
Top of the 1st over - 1 run, 2 hits, 0 errors, 0 left on base; Portland 1 - D.C. 0
BOTTOM OF THE 1ST
D.C. Divided batting - Pitching for Portland Evergreens : LHP Marcos Tejedor
Pitching: LHP Marcos Tejedor
Batting: RHB Arturo Rodríguez 0-0: Ground out 6-3 (Groundball, 6)
Batting: RHB Ken Bone 0-0: Called Strike
0-1: Ball
1-1: Foul Ball, location: 2F
1-2: Strikes out swinging
Batting: RHB José Torres 0-0: Called Strike
0-1: Ball
1-1: Called Strike
1-2: Fly out, F9 (Flyball, 9LMF)
Bottom of the 1st over - 0 runs, 0 hits, 0 errors, 0 left on base; Portland 1 - D.C. 0
TOP OF THE 2ND
Portland Evergreens batting - Pitching for D.C. Divided : RHP Dale Kurth
Batting: SHB Billy Dotson 0-0: Called Strike
0-1: Ball
1-1: Called Strike
1-2: Ground out 4-3 (Groundball, 4)
Batting: LHB John Schaefer 0-0: Ball
1-0: Called Strike
1-1: Ball
2-1: Ball
3-1: Swinging Strike
3-2: Ground out 4-3 (Groundball, 4)
Batting: RHB Nelson Jaramillo 0-0: Fly out, F7 (Flyball, 7S)
Top of the 2nd over - 0 runs, 0 hits, 0 errors, 0 left on base; Portland 1 - D.C. 0
BOTTOM OF THE 2ND
D.C. Divided batting - Pitching for Portland Evergreens : LHP Marcos Tejedor
Batting: RHB Wilbur Davis 0-0: Ground out 6-3 (Groundball, 6)
Batting: LHB Yao-pang Chiang 0-0: Called Strike
0-1: Ball
1-1: Ball
2-1: Ball
3-1: Ground out 6-3 (Groundball, 6)
Batting: RHB Daryl Yandell 0-0: Ball
1-0: Called Strike
1-1: Ball
2-1: Fly out, F9 (Flyball, 9LDF)
Bottom of the 2nd over - 0 runs, 0 hits, 0 errors, 0 left on base; Portland 1 - D.C. 0
TOP OF THE 3RD
Portland Evergreens batting - Pitching for D.C. Divided : RHP Dale Kurth
Batting: LHB John Ennis 0-0: Foul Ball, location: 2F
0-1: Ball
1-1: Called Strike
1-2: Foul Ball, location: 2F
1-2: SINGLE (Groundball, 34D)
Batting: LHB Calvin Wilms 0-0: Called Strike
0-1: Ball
Wild Pitch!
John Ennis to second
1-1: Ground out 4-3 (Groundball, 4S)
John Ennis to third
Batting: SHB Willie McGirt 0-0: Ball
1-0: Ball
2-0: Ball
3-0: Base on Balls
Batting: RHB Tae-cho Han 0-0: Called Strike
0-1: Ball
1-1: Ball
2-1: Swinging Strike
2-2: Ball
3-2: Base on Balls
Willie McGirt to second
Batting: LHB Chris Payling 0-0: Grounds into double play, 6-4-3 (Groundball, 6)
Top of the 3rd over - 0 runs, 1 hit, 0 errors, 2 left on base; Portland 1 - D.C. 0
BOTTOM OF THE 3RD
D.C. Divided batting - Pitching for Portland Evergreens : LHP Marcos Tejedor
Batting: RHB Oliver Aranda 0-0: Ball
1-0: Ball
2-0: Ball
3-0: Base on Balls
Batting: RHB Amon-Ra St. Brown 0-0: Ball
1-0: Foul Ball, location: 2F
1-1: Ball
2-1: Swinging Strike
2-2: Ball
3-2: Base on Balls
Oliver Aranda to second
Batting: RHB Sherman N'Dir 0-0: Ball
1-0: Ball
2-0: Called Strike
2-1: Foul Ball, location: 2F
2-2: Strikes out swinging
Batting: RHB Arturo Rodríguez 0-0: Called Strike
0-1: Ball
1-1: Ball
2-1: Ball
3-1: Base on Balls
Oliver Aranda to third
Amon-Ra St. Brown to second
Batting: RHB Ken Bone 0-0: SINGLE (Groundball, 5D)
Oliver Aranda scores
Amon-Ra St. Brown to third
Arturo Rodríguez to second
Runner from 3rd tries for Home, SAFE, no throw
Batting: RHB José Torres 0-0: Ball
1-0: Called Strike
1-1: Ball
2-1: Called Strike
2-2: Ball
3-2: Foul Ball, location: 2F
3-2: Foul Ball, location: 2F
3-2: Foul Ball, location: 2F
3-2: Ground out 4-3 (Groundball, 4)
Arturo Rodríguez to third
Ken Bone to second
Batting: RHB Wilbur Davis 0-0: Reached on error, E6 (Groundball, 6)
Arturo Rodríguez scores
Ken Bone scores
Batting: LHB Yao-pang Chiang 0-0: Ball
1-0: Ball
2-0: Ball
3-0: Base on Balls
Batting: RHB Daryl Yandell 0-0: Foul Ball, location: 2F
0-1: Ball
1-1: Ball
2-1: Ball
3-1: Foul Ball, location: 2F
3-2: Foul Ball, location: 2F
3-2: Fly out, F7 (Flyball, 7S)
Bottom of the 3rd over - 4 runs, 1 hit, 1 error, 2 left on base; Portland 1 - D.C. 4
TOP OF THE 4TH
Portland Evergreens batting - Pitching for D.C. Divided : RHP Dale Kurth
Batting: RHB Blaze Alexander 0-0: Ball
1-0: Called Strike
1-1: Called Strike
1-2: Foul Ball, location: 2F
1-2: Ball
2-2: Ground out 5-3 (Groundball, 56)
Batting: SHB Billy Dotson 0-0: Swinging Strike
0-1: Ball
1-1: Foul Ball, location: 2F
1-2: Ball
2-2: Strikes out swinging
Batting: LHB John Schaefer 0-0: Foul Ball, location: 2F
0-1: Swinging Strike
0-2: Fly out, F6 (Popup, 6M)
Top of the 4th over - 0 runs, 0 hits, 0 errors, 0 left on base; Portland 1 - D.C. 4
BOTTOM OF THE 4TH
D.C. Divided batting - Pitching for Portland Evergreens : LHP Marcos Tejedor
Batting: RHB Oliver Aranda 0-0: Ball
1-0: Swinging Strike
1-1: Fly out, F9 (Line Drive, 9)
Batting: RHB Amon-Ra St. Brown 0-0: Ball
1-0: Called Strike
1-1: SOLO HOME RUN (Line Drive, 89XD), Distance : 438 ft
Batting: RHB Sherman N'Dir 0-0: Ball
1-0: Called Strike
1-1: Ball
2-1: Foul Ball, location: 2F
2-2: Reached on error, E3 (Groundball, 34S)
Batting: RHB Arturo Rodríguez 0-0: Ball
Passed Ball!
Sherman N'Dir to second
1-0: Foul Ball, location: 2F
1-1: Foul Ball, location: 2F
1-2: Ball
2-2: Foul Ball, location: 2F
2-2: Foul Ball, location: 2F
2-2: 2-RUN HOME RUN (Flyball, 7LD), Distance : 370 ft
Batting: RHB Ken Bone 0-0: Ball
1-0: Called Strike
1-1: Fly out, F4 (Popup, 4M)
Batting: RHB José Torres 0-0: Called Strike
0-1: Called Strike
0-2: Ball
1-2: Ball
2-2: Fly out, F7 (Flyball, 7S)
Bottom of the 4th over - 3 runs, 2 hits, 1 error, 0 left on base; Portland 1 - D.C. 7
TOP OF THE 5TH
Portland Evergreens batting - Pitching for D.C. Divided : RHP Dale Kurth
Batting: RHB Nelson Jaramillo 0-0: Ball
1-0: Ball
2-0: Foul Ball, location: 2F
2-1: Swinging Strike
2-2: Foul Ball, location: 2F
2-2: Ball
3-2: Base on Balls
Batting: LHB John Ennis 0-0: Called Strike
0-1: Swinging Strike
0-2: Ball
1-2: Ball
2-2: Foul Ball, location: 2F
2-2: SINGLE (Groundball, 6) (infield hit)
Nelson Jaramillo to second
Batting: LHB Calvin Wilms 0-0: Ball
1-0: Ball
2-0: Ball
3-0: Base on Balls
Nelson Jaramillo to third
John Ennis to second
Batting: SHB Willie McGirt 0-0: Ball
1-0: Ball
2-0: Grounds into double play, 4-6-3 (Groundball, 4)
Nelson Jaramillo scores
John Ennis to third
Batting: RHB Tae-cho Han 0-0: Called Strike
0-1: Ball
1-1: Foul Ball, location: 2F
1-2: SINGLE (Groundball, 4M) (infield hit)
John Ennis scores
Batting: LHB Chris Payling 0-0: Called Strike
0-1: Ball
1-1: Foul Ball, location: 2F
1-2: Ball
2-2: Ball
3-2: Foul Ball, location: 2F
3-2: Ground out 4-3 (Groundball, 4)
Top of the 5th over - 2 runs, 2 hits, 0 errors, 1 left on base; Portland 3 - D.C. 7
BOTTOM OF THE 5TH
D.C. Divided batting - Pitching for Portland Evergreens : LHP Marcos Tejedor
Batting: RHB Wilbur Davis 0-0: Called Strike
0-1: Foul Ball, location: 2F
0-2: Foul Ball, location: 2F
0-2: Ball
1-2: Foul Ball, location: 2F
1-2: Foul Ball, location: 2F
1-2: Ball
2-2: Foul Ball, location: 2F
2-2: Strikes out swinging
Batting: LHB Yao-pang Chiang 0-0: Ball
1-0: Ball
2-0: Ball
3-0: Called Strike
3-1: Base on Balls
Pitching: LHP Gabriel Valenzuela
Batting: RHB Daryl Yandell 0-0: Foul Ball, location: 2F
0-1: Ball
1-1: Fly out, F8 (Line Drive, 8RM)
Batting: RHB Oliver Aranda 0-0: Foul Ball, location: 2F
0-1: Foul Ball, location: 2F
0-2: Strikes out looking
Bottom of the 5th over - 0 runs, 0 hits, 0 errors, 1 left on base; Portland 3 - D.C. 7
TOP OF THE 6TH
Portland Evergreens batting - Pitching for D.C. Divided : RHP Dale Kurth
Batting: RHB Blaze Alexander 0-0: Foul Ball, location: 2F
0-1: Ball
1-1: Ball
2-1: Swinging Strike
2-2: SINGLE (Groundball, 4MD)
Batting: SHB Billy Dotson 0-0: Ball
Wild Pitch!
Blaze Alexander to second
1-0: Ball
2-0: Called Strike
2-1: Foul Ball, location: 2F
2-2: Foul Ball, location: 2F
2-2: Ball
3-2: Fly out, F8 (Flyball, 8LD)
Runner from 2nd tags up, SAFE at 3rd with throw
Batting: LHB John Schaefer 0-0: Foul Ball, location: 2F
0-1: Ball
1-1: Ball
2-1: Foul Ball, location: 2F
2-2: Ball
3-2: Foul Ball, location: 2F
3-2: Base on Balls
Pitching: RHP Baker Mayfield
Batting: RHB Nelson Jaramillo 0-0: Foul Ball, location: 2F
0-1: Ball
1-1: Foul Ball, location: 2F
1-2: Grounds into double play, 1-6-3 (Groundball, 13)
Top of the 6th over - 0 runs, 1 hit, 0 errors, 1 left on base; Portland 3 - D.C. 7
BOTTOM OF THE 6TH
D.C. Divided batting - Pitching for Portland Evergreens : LHP Gabriel Valenzuela
Batting: RHB Amon-Ra St. Brown 0-0: Ground out 6-3 (Groundball, 6)
Batting: RHB Sherman N'Dir 0-0: Ball
1-0: Ball
2-0: Ball
3-0: Base on Balls
Batting: RHB Arturo Rodríguez 0-0: Fly out, F5 (Line Drive, 5)
Batting: RHB Ken Bone 0-0: Ball
1-0: Called Strike
1-1: Foul Ball, location: 2F
1-2: Strikes out swinging
Bottom of the 6th over - 0 runs, 0 hits, 0 errors, 1 left on base; Portland 3 - D.C. 7
TOP OF THE 7TH
Portland Evergreens batting - Pitching for D.C. Divided : RHP Baker Mayfield
Batting: LHB John Ennis 0-0: Ball
1-0: Ground out 4-3 (Groundball, 34D)
Batting: LHB Calvin Wilms 0-0: Called Strike
0-1: Called Strike
0-2: Ball
1-2: Ground out 4-3 (Groundball, 4)
Batting: SHB Willie McGirt 0-0: Ball
1-0: Swinging Strike
1-1: Swinging Strike
1-2: Strikes out swinging, 2-3 out at first.
Top of the 7th over - 0 runs, 0 hits, 0 errors, 0 left on base; Portland 3 - D.C. 7
BOTTOM OF THE 7TH
D.C. Divided batting - Pitching for Portland Evergreens : LHP Gabriel Valenzuela
Batting: RHB José Torres 0-0: Ball
1-0: Ball
2-0: Ball
3-0: Base on Balls
Batting: RHB Wilbur Davis 0-0: Fly out, F7 (Flyball, 7LMF)
Batting: LHB Yao-pang Chiang 0-0: Called Strike
0-1: Called Strike
0-2: Foul Ball, location: 2F
0-2: Foul Ball, location: 2F
0-2: Ball
Wild Pitch!
José Torres to second
1-2: Strikes out swinging
Batting: RHB Daryl Yandell 0-0: Foul Ball, location: 2F
0-1: Ball
1-1: Called Strike
1-2: Foul Ball, location: 2F
1-2: Ball
2-2: Ground out 4-3 (Groundball, 4)
Bottom of the 7th over - 0 runs, 0 hits, 0 errors, 1 left on base; Portland 3 - D.C. 7
TOP OF THE 8TH
Portland Evergreens batting - Pitching for D.C. Divided : RHP Baker Mayfield
Batting: RHB Tae-cho Han 0-0: Foul Ball, location: 2F
0-1: Ball
1-1: Ball
2-1: Swinging Strike
2-2: Strikes out looking
Batting: LHB Chris Payling 0-0: Ball
1-0: Fly out, F6 (Line Drive, 6M)
Batting: RHB Blaze Alexander 0-0: Ball
1-0: Foul Ball, location: 2F
1-1: Swinging Strike
1-2: Ball
2-2: Strikes out looking
Top of the 8th over - 0 runs, 0 hits, 0 errors, 0 left on base; Portland 3 - D.C. 7
BOTTOM OF THE 8TH
D.C. Divided batting - Pitching for Portland Evergreens : LHP Gabriel Valenzuela
Batting: RHB Oliver Aranda 0-0: Ball
1-0: Ball
2-0: Ball
3-0: Foul Ball, location: 2F
3-1: Swinging Strike
3-2: Foul Ball, location: 2F
3-2: Foul Ball, location: 2F
3-2: Base on Balls
Batting: RHB Amon-Ra St. Brown 0-0: Ball
1-0: Called Strike
1-1: Ball
2-1: Foul Ball, location: 2F
2-2: Foul Ball, location: 2F
2-2: Strikes out swinging
Batting: RHB Sherman N'Dir 0-0: Ball
1-0: Swinging Strike
1-1: Ball
2-1: Foul Ball, location: 2F
2-2: Fielders Choice at 2nd, 4-6 (Groundball, 34)
Batting: RHB Arturo Rodríguez 0-0: Ball
1-0: Foul Ball, location: 2F
1-1: Called Strike
1-2: 2-RUN HOME RUN (Line Drive, 9LD), Distance : 348 ft
Batting: RHB Ken Bone 0-0: Ball
1-0: Called Strike
1-1: Ball
2-1: Foul Ball, location: 2F
2-2: Foul Ball, location: 2F
2-2: DOUBLE (Line Drive, 8RD)
Batting: RHB José Torres 0-0: Ball
1-0: Called Strike
1-1: Foul Ball, location: 2F
1-2: Fly out, F8 (Flyball, 89D)
Bottom of the 8th over - 2 runs, 2 hits, 0 errors, 1 left on base; Portland 3 - D.C. 9
TOP OF THE 9TH
Portland Evergreens batting - Pitching for D.C. Divided : RHP Baker Mayfield
Pitching: RHP Hengkie Iriawan
Batting: SHB Billy Dotson 0-0: Called Strike
0-1: Swinging Strike
0-2: Ground out 4-3 (Groundball, 4M)
Batting: LHB John Schaefer 0-0: Ball
1-0: Called Strike
1-1: Foul Ball, location: 2F
1-2: Strikes out swinging
Batting: RHB Nelson Jaramillo 0-0: Swinging Strike
0-1: Ground out U3 (Groundball, 34)
Top of the 9th over - 0 runs, 0 hits, 0 errors, 0 left on base; Portland 3 - D.C. 9
Friday, March 29th, 2019 - OOTP Baseball 18.8 Build 76